 Dungeon Crawl Stone Soup version 0.18.1-50-g88ac8fd (webtiles) character file.

7138 magog001 the Blocker (level 10, -17/91 HPs)
             Began as a Minotaur Fighter on June 18, 2019.
             Was a Believer of Nemelex Xobeh.
             Demolished by an orc warlord
             ... wielding a +0 war axe
              (18 damage)
             ... on level 8 of the Dungeon on June 19, 2019.
             The game lasted 00:56:23 (10242 turns).

magog001 the Blocker (Minotaur Fighter)            Turns: 10242, Time: 00:56:24

Health: -17/91     AC: 19    Str: 25    XL:     10   Next: 85%
Magic:  9/9        EV:  7    Int:  5    God:    Nemelex Xobeh [**....]
Gold:   428        SH: 19    Dex:  9    Spells: 0 memorised, 9 levels left

rFire  . . .     SeeInvis .     G - +4 scimitar
rCold  . . .     Gourm    .     z - +0 plate armour
rNeg   . . .     Faith    .     c - +0 shield
rPois  .         Spirit   .     (helmet restricted)
rElec  .         Dismiss  .     C - +1 cloak
rCorr  .         Reflect  +     i - +0 pair of gloves
SustAt .         Harm     .     L - +0 pair of boots
MR     +....                    H - +6 amulet of reflection
Stlth  ..........               g - ring of protection from magic
                                k - ring of stealth

@: somewhat resistant to hostile enchantments, extremely unstealthy
A: retaliatory headbutt, horns 2
a: Renounce Religion


You were on level 8 of the Dungeon.
You worshipped Nemelex Xobeh.
Nemelex Xobeh was pleased with you.
You were not hungry.

You visited 2 branches of the dungeon, and saw 9 of its levels.

You collected 428 gold pieces.

Inventory:

Hand Weapons
 a - a cursed +3 dire flail
 A - a +4 hunting sling
 G - a +4 scimitar (weapon)
Missiles
 p - 13 curare-tipped needles
 u - 66 sling bullets
 x - 14 tomahawks (quivered)
 E - 14 poisoned needles
 I - 3 javelins
Armour
 c - a +0 shield (worn)
 i - a +0 pair of gloves (worn)
 z - a +0 plate armour (worn)
 C - a +1 cloak (worn)
 L - a +0 pair of boots (worn)
Jewellery
 g - a ring of protection from magic (right hand)
 k - a ring of stealth (left hand)
 H - a +6 amulet of reflection (around neck)
Scrolls
 b - 2 scrolls of identify
 e - a scroll of amnesia
 h - 6 scrolls of remove curse
 y - a scroll of fog
Potions
 l - a potion of haste {unknown}
 m - 2 potions of cancellation
 q - 2 potions of cure mutation
 s - 3 potions of flight
 t - a potion of lignification {unknown}
 w - 2 potions of invisibility
 B - 2 potions of degeneration {unknown}
Books
 v - the Almanac of Blistering Calling
   (You found it on level 7 of the Dungeon)

   Spells                             Type                      Level
   a - Summon Butterflies             Summoning                    1
   b - Conjure Flame                  Conjuration/Fire             3
   c - Recall                         Summoning/Translocation      3
   d - Call Canine Familiar           Summoning                    3
   e - Summon Ice Beast               Ice/Summoning                4
   f - Shadow Creatures               Summoning                    6
Miscellaneous
 d - a plain deck of escape
 D - a plain deck of destruction {drawn: 4}
 F - a plain deck of escape
 M - a plain deck of destruction
Comestibles
 f - 8 bread rations
 o - a slice of pizza
 r - a fruit
 J - 2 beef jerkies


   Skills:
 * Level 9.4 Fighting
 * Level 6.4 Long Blades
   Level 8.1 Axes
 * Level 10.1 Armour
 - Level 0.7 Dodging
 + Level 11.8 Shields


You had 9 spell levels left.
You didn't know any spells.

Dungeon Overview and Level Annotations

Branches:
Dungeon (8/15)             Temple (1/1) D:4            Lair (0/8) D:8

Altars:
Ashenzari
Cheibriados
Dithmenos
Elyvilon
Fedhas
Gozag
Kikubaaqudgha
Makhleb
Nemelex Xobeh
Okawaru
Pakellas
Qazlal
Ru
Sif Muna
Trog
Vehumet
Xom
Yredelemnul
Zin
The Shining One
Lugonu


Innate Abilities, Weirdness & Mutations

You reflexively headbutt those who attack you in melee.
You have a pair of horns on your head.


Message History

You headbutt the orc warlord.
The orc warlord is severely wounded.
The orc warlord roars a battlecry!
The orc warrior goes into a battle-frenzy!
You block the orc warlord's attack.
There is an open door here.
Things that are here:
a short sword; a ring mail; an orc corpse A sky beast comes into view.
The sky beast hits you but does no damage.
The orc warlord roars a battlecry!
The orc warlord hits you with a war axe!
* * * LOW HITPOINT WARNING * * *
Your plate armour prevents you from hitting the orc warlord.
Your headbutt misses the orc warlord.
The orc warlord is severely wounded.
You block the sky beast's attack.
The orc warlord hits you with a war axe!!
You die...
Your body glows slightly and disappears.

######)###))..#.#.≈≈
.....o).#.#....#.#.≈≈
......oo#.##'###.#.≈≈
......oo#%#....o.#.≈≈
........'.#...)oo#.≈≈
########################.#.≈≈
......#...)#...........#o#.≈≈
......'....Y.o...o.o...).#.≈≈
......#....#@..o..)†...#'###≈
###########''''#############...#≈
...........................#...#≈
≈≈≈≈≈≈≈≈≈≈≈))..≈≈≈≈≈≈≈≈≈≈≈≈#####≈
≈≈≈≈≈≈≈≈≈≈≈..).≈≈≈≈≈≈≈≈≈≈≈≈≈≈≈≈≈≈
≈≈≈≈≈≈≈≈≈≈≈....≈≈≈≈≈≈≈≈≈≈≈≈≈≈≈≈≈≈
.................................
...........##.#.#....####.####.##
..##)##..#...)....#.........##.#


You could see an orc warlord, an orc warrior, a sky beast and 2 orcs.

Vanquished Creatures
  An orc knight (D:8)
  Sigmund (D:4)
  A spriggan (D:7)
  A yak (D:8)
  A hippogriff (D:8)
  13 wargs (D:8)
  A soldier ant (D:7)
  6 orc warriors
  3 phantoms
  An ogre (D:5)
  5 centaurs
  6 giant frogs
  5 scorpions
  A killer bee (D:7)
  12 wights
  3 howler monkeys
  3 giant frog zombies
  A centaur zombie (D:8)
  3 crimson imps
  5 jellies
  6 hounds
  A quasit (D:7)
  6 orc priests
  Crazy Yiuf (D:4)
  5 orc wizards
  A centaur skeleton (D:6)
  A giant frog skeleton (D:6)
  4 iguanas
  13 worker ants
  2 hound skeletons (D:7)
  A worker ant zombie (D:5)
  8 gnolls
  8 adders
  2 river rats (D:8)
  A shadow imp (D:7)
  An adder zombie (D:5)
  2 worms (D:2)
  A dart slug (D:4)
  3 giant geckos
  43 orcs
  3 ball pythons
  7 giant cockroaches
  10 goblins
  8 hobgoblins
  23 jackals
  8 kobolds
  3 quokkas
  16 bats
  3 giant newts
  11 rats
275 creatures vanquished.

Vanquished Creatures (collateral kills)
  An orc warrior (D:8)
1 creature vanquished.

Vanquished Creatures (others)
  An orc wizard (D:4)
  A fungus (D:8)
  A plant (D:8)
3 creatures vanquished.

Grand Total: 279 creatures vanquished

Notes
Turn   | Place    | Note
--------------------------------------------------------------
     0 | D:1      | magog001 the Minotaur Fighter began the quest for the Orb.
     0 | D:1      | Reached XP level 1. HP: 19/19 MP: 0/0
   196 | D:1      | Reached skill level 4 in Shields
   341 | D:1      | Reached XP level 2. HP: 27/27 MP: 1/1
   853 | D:2      | Reached XP level 3. HP: 32/33 MP: 2/2
   855 | D:2      | Found an iron altar of Okawaru.
  1256 | D:2      | Reached XP level 4. HP: 40/40 MP: 3/3
  1537 | D:3      | Found an ancient bone altar of Kikubaaqudgha.
  1728 | D:3      | Found a glowing golden altar of the Shining One.
  1800 | D:3      | Reached skill level 5 in Shields
  1808 | D:3      | Reached XP level 5. HP: 39/47 MP: 4/4
  2096 | D:3      | Found a shimmering altar of Xom.
  2167 | D:3      | Reached skill level 5 in Armour
  2248 | D:3      | Reached XP level 6. HP: 41/55 MP: 5/5
  2766 | D:4      | Found a stormy altar of Qazlal.
  2804 | D:4      | Reached skill level 6 in Shields
  3079 | D:4      | Noticed Crazy Yiuf
  3086 | D:4      | Killed Crazy Yiuf
  3086 | D:4      | Reached skill level 5 in Fighting
  3134 | D:4      | Noticed Sigmund
  3146 | D:4      | Killed Sigmund
  3146 | D:4      | Reached XP level 7. HP: 49/61 MP: 6/6
  3468 | D:4      | Found a staircase to the Ecumenical Temple.
  3543 | Temple   | Entered the Ecumenical Temple
  3574 | Temple   | Became a worshipper of Nemelex Xobeh the Trickster
  3666 | D:4      | Reached skill level 5 in Axes
  3853 | D:5      | Entered Level 5 of the Dungeon
  3892 | D:5      | Found an opulent altar of Gozag.
  3943 | D:5      | Found a burning altar of Makhleb.
  4017 | D:5      | Reached skill level 7 in Shields
  4091 | D:5      | Reached XP level 8. HP: 53/70 MP: 7/7
  4123 | D:5      | Received a gift from Nemelex Xobeh
  5276 | D:6      | Reached skill level 8 in Shields
  5353 | D:6      | Reached * piety under Nemelex Xobeh
  5438 | D:6      | Received a gift from Nemelex Xobeh
  5448 | D:6      | Found a blossoming altar of Fedhas.
  5452 | D:6      | Found a shattered altar of Ashenzari.
  5467 | D:6      | Found a deep blue altar of Sif Muna.
  5478 | D:6      | Found a white marble altar of Elyvilon.
  5503 | D:6      | Found a glowing silver altar of Zin.
  5837 | D:6      | Found a basalt altar of Yredelemnul.
  5914 | D:6      | Reached skill level 9 in Shields
  5916 | D:6      | Reached XP level 9. HP: 48/78 MP: 8/8
  6527 | D:6      | Received a gift from Nemelex Xobeh
  6960 | D:7      | Reached skill level 10 in Shields
  6973 | D:7      | Reached skill level 1 in Long Blades
  7007 | D:7      | Found a runed door.
  7024 | D:7      | Found a runed door.
  7043 | D:7      | Identified the Almanac of Blistering Calling
  7064 | D:7      | Found a shimmering altar of Xom.
  8676 | D:7      | Received a gift from Nemelex Xobeh
  8706 | D:7      | Reached XP level 10. HP: 89/89 MP: 9/9
  8825 | D:8      | Reached ** piety under Nemelex Xobeh
  8866 | D:8      | Found a staircase to the Lair.
  9198 | D:8      | Received a gift from Nemelex Xobeh
  9235 | D:8      | Reached skill level 11 in Shields
  9344 | D:8      | Found a bloodstained altar of Trog.
  9530 | D:8      | Reached skill level 5 in Long Blades
 10108 | D:8      | Noticed an orc knight
 10119 | D:8      | Killed an orc knight
 10119 | D:8      | Reached skill level 10 in Armour
 10166 | D:8      | Noticed an orc warlord
 10241 | D:8      | HP: 1/91 [orc warlord/war axe (11)]
 10242 | D:8      | Demolished by an orc warlord

Skill      XL: |  1  2  3  4  5  6  7  8  9 10 |
---------------+-------------------------------+-----
Shields        | 4 5 6 7 9 10 11 | 11.8
Fighting       | 4 5 6 8 9 |  9.4
Armour         | 4 5 6 7 9 10 | 10.1
Axes           | 3 4 5 7 8 |  8.1
Long Blades    | 2 6 |  6.4
Dodging        | |  0.7

Action                   |  1- 3 |  4- 6 |  7- 9 | 10-12 || total
-------------------------+-------+-------+-------+-------++-------
Melee: War axe           |    83 |   133 |   290 |       ||   506
       Headbutt          |    12 |    24 |    86 |    54 ||   176
       Scimitar          |       |       |   110 |   254 ||   364
Evoke: Deck              |       |       |     1 |     7 ||     8
  Use: Potion            |       |     1 |     4 |     4 ||     9
       Scroll            |       |       |    15 |       ||    15
  Eat: Chunk             |     1 |     4 |     7 |     5 ||    17
       Royal jelly       |       |     1 |       |       ||     1
       Bread ration      |       |       |     2 |       ||     2
       Pizza             |       |       |     1 |       ||     1
       Fruit             |       |       |     2 |       ||     2
Armor: Scale mail        |    40 |     9 |       |       ||    49
       Plate armour      |       |    91 |   233 |    82 ||   406
Dodge: Dodged            |    32 |    35 |    86 |    54 ||   207
Block: Shield            |    57 |    76 |   292 |   298 ||   723
       Reflection        |       |       |       |     3 ||     3
